 Dungeon Crawl Stone Soup version 0.31-a0-192-ga50d7bf3bb (webtiles) character file.

Game seed: 1548725018520750086

93 qw the Shooter (level 4, -2/25 HPs)
             Began as a Deep Elf Hunter on June 23, 2023.
             Slain by Terence
             ... wielding a +0 flail
              (5 damage)
             ... on level 2 of the Dungeon.
             The game lasted 00:00:38 (1517 turns).

qw the Shooter (Deep Elf Hunter)                    Turns: 1517, Time: 00:00:39

Health: -2/25      AC:  5    Str: 14    XL:     4   Next: 37%
Magic:  6/6        EV: 11    Int: 13    God:
Gold:   168        SH:  0    Dex: 17    Spells: 3/3 levels left

rFire   . . .        Y - +0 shortbow
rCold   . . .        (shield currently unavailable)
rNeg    . . .        h - +0 ring mail
rPois   .            (no helmet)
rElec   .            (no cloak)
rCorr   .            (no gloves)
SInv    +            (no boots)
Will    .....        (no amulet)
Stlth   +            j - ring of see invisible
HPRegen 0.24/turn    (no ring)
MPRegen 0.10/turn

%: no passive effects
@: no status effects
A: talons 1, strong 1
a: no special abilities


You were on level 2 of the Dungeon.
You visited 1 branch of the dungeon, and saw 4 of its levels.

You collected 168 gold pieces.


Innate Abilities, Weirdness & Mutations

You have sharp toenails.
Your muscles are strong. (Str +4, Int/Dex -1)


   Skills:
 - Level 1.5 Fighting
 + Level 7.8 Ranged Weapons
 - Level 2.4 Dodging
 - Level 1.2 Stealth


You had 3 spell levels left.
You didn't know any spells.
Your spell library was empty.

Inventory:

Hand Weapons
 Y - a +0 shortbow (weapon)
Armour
 h - a +0 ring mail (worn)
Jewellery
 c - a ring of magical power
 j - a ring of see invisible (left hand)
 k - a ring of see invisible
Scrolls
 a - a scroll of fog {unknown}
 b - a scroll of identify {unknown}
Potions
 d - a potion of mutation
 g - a potion of degeneration {unknown}

Dungeon Overview and Level Annotations

Branches:
Dungeon (4/15)
 Temple: D:4-7

Altars:

Shops:
D:4 (

Annotations:
D:2 Terence


Message History

Terence hits you with a +0 flail!
You shoot an arrow.
The arrow hits Terence but does no damage.
Terence misses you.
You shoot an arrow.
The arrow hits Terence but does no damage.
Terence barely misses you.
You shoot an arrow.
The arrow hits Terence but does no damage.
Terence hits you with a +0 flail.
You shoot an arrow. The arrow hits Terence.
Terence is moderately wounded.
Terence closely misses you.
You shoot an arrow. The arrow hits Terence.
Terence is heavily wounded.
Terence hits you with a +0 flail. Terence completely misses you.
You shoot an arrow. The arrow hits Terence.
Terence is heavily wounded.
Terence hits you with a +0 flail.
You shoot an arrow. The arrow hits Terence.
Terence is heavily wounded.
Terence closely misses you.
You shoot an arrow.
The arrow hits Terence but does no damage.
Terence is heavily wounded.
Terence barely misses you.
You shoot an arrow.
The arrow hits Terence but does no damage.
Terence is heavily wounded.
Terence hits you with a +0 flail.
You shoot an arrow.
The arrow hits Terence but does no damage.
Terence is heavily wounded.
Terence barely misses you.
You shoot an arrow. The arrow barely misses Terence.
Terence completely misses you.
You shoot an arrow. The arrow hits Terence.
Terence is severely wounded.
Terence barely misses you. Terence hits you with a +0 flail.
You die...

#.########.# ##
###.#........#
#
..#.#...######
### #.#.....#
#.. ##)#######
#.# ...#...#
#.# #.##.#.#
#.# ##@##.#.#
.. #.@.#.#.. #
#.###)#.####
#### #.......#
..... #######.#
#######
...#...#
#...... #.#.###
#.##### #..)#
####.# ###
##.#######....#
#..
#.........####
#.#


You could see Terence.

Vanquished Creatures
  An iguana (D:4)
  2 adders
  A dart slug (D:4)
  4 ball pythons (D:1)
  5 endoplasms
  5 giant cockroaches (D:1)
  4 hobgoblins
  6 jackals
  4 kobolds
  3 bats
  2 frilled lizards (D:1)
  3 goblins (D:2)
  4 rats (D:2)
44 creatures vanquished.

Notes
Turn   | Place    | Note
-------+----------+-------------------------------------------
     0 | D:1      | qw the Deep Elf Hunter began the quest for the Orb.
     0 | D:1      | Reached XP level 1. HP: 12/12 MP: 3/3
     0 | D:1      | 0 ||| qw: Version: 0.3-a-9-g12657ce
     0 | D:1      | 0 ||| qw: Game counter: 4569
     0 | D:1      | 0 ||| qw: Always use a shield: true
     0 | D:1      | 0 ||| qw: God list: Okawaru
     0 | D:1      | 0 ||| qw: Allow faded altars: false
     0 | D:1      | 0 ||| qw: Do Orc after D:15 true
     0 | D:1      | 0 ||| qw: Do second Lair branch before Depths: true
     0 | D:1      | 0 ||| qw: Lair rune preference: random
     0 | D:1      | 0 ||| qw: Plans: Normal
     0 | D:1      | 0 ||| PLANNING D:1-11
   128 | D:1      | Reached XP level 2. HP: 16/16 MP: 4/4
   142 | D:1      | Reached skill level 6 in Ranged Weapons
   202 | D:1      | 202 ||| FLEEEEING.
   203 | D:1      | 203 ||| FLEEEEING.
   204 | D:1      | 204 ||| FLEEEEING.
   205 | D:1      | 205 ||| FLEEEEING.
   206 | D:1      | 206 ||| FLEEEEING.
   207 | D:1      | 207 ||| FLEEEEING.
   314 | D:1      | Reached XP level 3. HP: 19/20 MP: 5/5
   646 | D:1      | 646 ||| UPGRADING to +0 scale mail.
   656 | D:1      | 656 ||| DROPPING +0 leather armour.
   657 | D:1      | 657 ||| UPGRADING to +0 ring mail.
   667 | D:1      | 667 ||| DROPPING +0 scale mail.
   668 | D:1      | 668 ||| UPGRADING to ring of see invisible.
   669 | D:1      | 669 ||| READING 2 scrolls labelled DUPLAO VEUPS.
   670 | D:1      | 670 ||| READING scroll labelled TUJ VOPTUANOC.
   671 | D:1      | 671 ||| DROPPING scroll of fear.
   672 | D:1      | 672 ||| DROPPING scroll of butterflies.
   794 | D:2      | You fall into a shaft and drop 2 floors!
   909 | D:4      | Reached skill level 7 in Ranged Weapons
   937 | D:4      | Reached XP level 4. HP: 15/25 MP: 6/6
   993 | D:4      | Found Junuokiz's Antique Weapon Shoppe.
   997 | D:4      | 997 ||| DRINKING 2 orange potions.
   997 | D:4      | Gained mutation: You have sharp toenails. [potion of
                  | mutation]
   997 | D:4      | Gained mutation: Your muscles are strong. (Str +4, Int/Dex
                  | -1) [potion of mutation]
  1499 | D:2      | Noticed Terence
  1514 | D:2      | HP: 2/25 [Terence/+0 flail (6)]
  1517 | D:2      | Slain by Terence

Levels and vault maps discovered:
D:1:      zelgadis_glass_arrival_small, layout_loops_ring
D:2:      layout_loops_ring, serial_co_window_serial, co_window_corner_a,
          co_window_corner_a, co_window_corner_a, co_window_of_opportunity_a,
          co_window_of_opportunity_a, co_window_of_opportunity_c,
          co_window_broadway_b, co_window_paths_c, co_window_broadway_c,
          co_window_2corner, co_window_of_opportunity_c, co_window_4corner_a,
          glass_columns_a, glass_columns_a, glass_columns_a, uniq_terence
D:3:      layout_loops_ring, mainiacjoe_overflow_alcove_1,
          grunt_temple_overflow_open
D:4:      kennysheep_kobold_camp, layout_basic, serial_shops,
          nicolae_shop_rolling_square, shop, nicolae_shop_crystal

Skill      XL: |  1  2  3 |
---------------+----------+-----
Ranged Weapons | 6 7 |  7.8
Fighting       | |  1.5
Dodging        | |  2.4
Stealth        | |  1.2

Action                     |  1- 3 |  4- 6 || total
---------------------------+-------+-------++-------
   Fire: Shortbow          |   109 |    48 ||   157
    Use: Scroll            |     2 |       ||     2
         Potion            |       |     1 ||     1
 Armour: Leather armour    |     7 |       ||     7
         Ring mail         |     8 |     9 ||    17
  Dodge: Dodged            |    39 |    16 ||    55

Table legend:
 A = Non-vault XP
 B = Vault XP
 C = Vault XP percentage of total XP
 D = Non-vault monster count
 E = Vault monster count
 F = Vault count percentage of total count
                 A         B        C        D         E       F
            +---------+---------+-------+---------+---------+-------
      Total |     134 |       0 |   0.0 |      44 |       0 |   0.0
            +---------+---------+-------+---------+---------+-------
        D:1 |      45 |       0 |   0.0 |      26 |       0 |   0.0
        D:2 |      33 |       0 |   0.0 |      14 |       0 |   0.0
        D:3 |       2 |       0 |   0.0 |       1 |       0 |   0.0
        D:4 |      54 |       0 |   0.0 |       3 |       0 |   0.0
            +---------+---------+-------+---------+---------+-------
